 Dungeon Crawl Stone Soup version 0.26-a0-651-gb41185065b (webtiles) character file.

Game seed: 642036735915752019

(classic levelgen) 2553 EnegeticOcto the Cleaver (level 9, -10/82 HPs)
             Began as a Deep Dwarf Fighter on Oct 9, 2020.
             Killed themself with a badly aimed iceblast (16 damage)
             ... on level 7 of the Dungeon.
             The game lasted 00:02:05 (2867 turns).

EnegeticOcto the Cleaver (Deep Dwarf Fighter)       Turns: 2867, Time: 00:02:06

Health: -10/82     AC:  7    Str: 23    XL:     9   Next: 31%
Magic:  2/2        EV:  8    Int:  9    God:
Gold:   340        SH: 11    Dex: 12    Spells: 8/8 levels left

rFire    . . .     SeeInvis .   a - +0 war axe
rCold    . . .     Faith    .   c - +0 kite shield
rNeg     . . .     Spirit   .   b - +0 scale mail
rPois    .         Reflect  .   (no helmet)
rElec    .         Harm     .   (no cloak)
rCorr    .         Rampage  .   (no gloves)
MR       +....     Rnd*Tele +   (no boots)
Stlth    ..........             (no amulet)
HPRegen  0.00/turn              h - ring of teleportation (curse)
MPRegen  0.08/turn              (no ring)

@: lethally poisoned (-10 -> -10), non-regenerating
A: damage resistance, heal wounds, sense surroundings 2, no regeneration
a: Heal Wounds


You were on level 7 of the Dungeon.
You visited 1 branch of the dungeon, and saw 7 of its levels.

You collected 340 gold pieces.

Inventory:

Hand Weapons
 a - a +0 war axe (weapon)
Missiles
 o - 2 throwing nets (quivered)
Armour
 b - a +0 scale mail (worn)
 c - a +0 kite shield (worn)
Jewellery
 h - a cursed ring of teleportation (left hand)
 l - an uncursed ring of poison resistance {unknown}
 y - an uncursed ring of stealth {unknown}
Wands
 A - a wand of iceblast (3) {@v2}
Scrolls
 f - 7 scrolls of remove curse {unknown}
 i - 2 scrolls of blinking {unknown}
 j - 3 scrolls of identify {unknown}
 k - 2 scrolls of amnesia {unknown}
 m - 4 scrolls of teleportation {unknown}
 p - 2 scrolls of random uselessness {unknown}
 t - 2 scrolls of enchant weapon {unknown}
 v - a scroll of fog {unknown}
 w - a scroll of magic mapping {unknown}
 x - a scroll of fear {unknown}
Potions
 d - a potion of might {@q3}
 e - 2 potions of brilliance {unknown}
 g - a potion of lignification {unknown}
 n - 4 potions of heal wounds {unknown}
 q - 2 potions of mutation {unknown}
 r - 3 potions of curing {unknown}
 s - 3 potions of haste {unknown}
 u - a potion of ambrosia {unknown}
 z - a potion of degeneration {unknown}


   Skills:
 + Level 5.8 Fighting
 * Level 9.1 Axes
 + Level 7.0 Armour
 + Level 7.1 Shields


You had 8 spell levels left.
You didn't know any spells.
Your spell library was empty.

Dungeon Overview and Level Annotations

Branches:
Dungeon (7/15)
 Temple: D:4-7

Altars:
Ashenzari
Dithmenos
Elyvilon
Kikubaaqudgha
Nemelex Xobeh
Ru
Uskayaw


Innate Abilities, Weirdness & Mutations

You are resistant to damage.
You can heal yourself by infusing magical energy.
You passively map the area around you.
You do not regenerate.


Message History

The deep elf mage gestures wildly while chanting.
The deep elf mage blinks!
The fire elemental hits you. The fire elemental burns you!
You are too injured to fight recklessly!
You are too injured to fight recklessly!
You are too injured to fight recklessly!
You are too injured to fight recklessly!
You are too injured to fight recklessly!
You are too injured to fight recklessly!
You are too injured to fight recklessly!
You are too injured to fight recklessly!
You are too injured to fight recklessly!
You are too injured to fight recklessly!
You are too injured to fight recklessly!
You are too injured to fight recklessly!
The fire elemental hits you. The fire elemental burns you!
* * * LOW HITPOINT WARNING * * *
You feel much better.
An adder comes into view.
You block the fire elemental's attack.
The deep elf mage hits you but does no damage.
The orc priest miscasts a cantrip.
You fail to use your ability.
The adder bites you.
You are poisoned.
The adder poisons you! The fire elemental hits you.
The fire elemental burns you!
The deep elf mage hits you with a +0 long sword!
You block the adder's attack.
The orc priest mumbles some strange prayers to Beogh against you.
Beogh smites you!
You hear a roar!
You are too injured to fight recklessly!
You are too injured to fight recklessly!
You are too injured to fight recklessly!
You are too injured to fight recklessly!
The fire elemental hits you. The fire elemental burns you!
* * * LOW HITPOINT WARNING * * *
You feel much better. The adder bites you but does no damage.
The fire elemental barely misses you. You block the adder's attack.
The orc priest begins to cast a cantrip, but forgets the words!
You feel much better. You block the adder's attack.
Evoke which item? (* to show all) (? for menu, Esc to quit)
Okay, then.
The fire elemental hits you. The fire elemental burns you!
The orc priest invokes the aid of Beogh against you.
You resist with some effort. The adder barely misses you.
The fire elemental hits you. The fire elemental burns you!
You block the fire elemental's attack.
Evoke which item? (* to show all) (? for menu, Esc to quit)
Press: ? - help, Shift-Dir - straight line, f - orc priest
Aim: an orc priest, wearing a +0 leather armour That beam is likely to hit you.
Continue anyway?
The mass of ice explodes!
The iceblast engulfs the orc priest.
The orc priest is moderately wounded.
The iceblast engulfs you! You block the fire elemental's attack.
The fire elemental hits you. The fire elemental burns you!
A howler monkey zombie comes into view.
The fire elemental hits you. The fire elemental burns you!
Evoke which item? (* to show all) (? for menu, Esc to quit)
Press: ? - help, Shift-Dir - straight line, f - deep elf mage
Aim: a deep elf mage, wielding a +0 long sword (moderately wounded) That beam is likely to hit you.
Continue anyway?
The mass of ice explodes!
The iceblast engulfs the deep elf mage!
The deep elf mage is heavily wounded.
The iceblast engulfs you!
* * * LOW HITPOINT WARNING * * *
You feel a bit more experienced. You block the fire elemental's attack.
The fire elemental hits you. The fire elemental burns you!
* * * LOW HITPOINT WARNING * * *
Evoke which item? (* to show all) (? for menu, Esc to quit)
Press: ? - help, Shift-Dir - straight line, p - deep elf mage That beam is likely to hit you.
Continue anyway?
The mass of ice explodes!
The iceblast engulfs the deep elf mage!
The deep elf mage is almost dead.
The iceblast engulfs you.
* * * LOW HITPOINT WARNING * * *
The iceblast engulfs the howler monkey zombie!
The howler monkey zombie partially resists.
The howler monkey zombie is heavily damaged.
The fire elemental barely misses you.
The deep elf mage hits you with a +0 long sword.
You block the fire elemental's attack.
Evoke which item? (* to show all) (? for menu, Esc to quit)
You cannot see that place.
Press: ? - help, Shift-Dir - straight line You can't see that place.
Okay, then.
Evoke which item? (* to show all) (? for menu, Esc to quit)
Evoke which item? (* to show all) (? for menu, Esc to quit)
Aiming: Iceblast
Press: ? - help, Shift-Dir - straight line That beam is likely to hit you.
Continue anyway?
The mass of ice explodes!
The iceblast engulfs the deep elf mage!
You kill the deep elf mage!
The fire elemental disappears in a puff of smoke! x2
Your Axes skill increases to level 9!
Your Armour skill increases to level 7!
Your Shields skill increases to level 7!
The iceblast engulfs you!
You die...

#.##.##.#.#..........
,* , ,
#.##.##...#.†..#.####
***
.....................
, ,
..##.#.............##,
,,,
..##.#....###.###..#,,
,
..##.#...##.#.#.##...
,, , *,
.....#..##.#.#S#.##.#
, **
...###.##,#.#.#§#.# #
* , ....
#.#,#.#.#☼#@#, ,
##.#.#.##.#.#.#§#)# ,
, *, , ,..#.#)#)#o#Z.
* , *.##.#.#.#.#=##.#
,, , #.#.#.# #.#.# #*
, ,**,* , *, ,##.#.#
#E## * ,**, , ##.# *
## , * * , , ## *, * ,
* , , ** , ** * *


You could see an adder and a howler monkey zombie.

Vanquished Creatures
  A deep elf mage (D:7)
  A hippogriff (D:7)
  A sky beast (D:6)
  A phantom (D:5)
  An ice beast (D:5)
  A black bear (D:6)
  5 ogres
  3 bullfrogs
  A scorpion (D:5)
  A jelly (D:5)
  4 killer bees (D:7)
  A howler monkey (D:5)
  2 bullfrog zombies
  2 orc priests
  A bullfrog skeleton (D:5)
  2 hounds
  3 orc wizards
  3 worker ants
  A hound zombie (D:6)
  A hound skeleton (D:6)
  A worker ant zombie (D:6)
  3 adders
  12 gnolls
  2 shadow imps
  3 white imps
  3 adder zombies
  An adder skeleton (D:5)
  12 orcs
  7 giant cockroaches
  2 hobgoblins
  A quokka (D:6)
  A ball python (D:2)
  4 bats
  4 frilled lizards
  4 goblins
  11 kobolds
  5 rats
112 creatures vanquished.

Notes
Turn   | Place    | Note
-------+----------+-------------------------------------------
     0 | D:1      | EnegeticOcto the Deep Dwarf Fighter began the quest for the
                  | Orb.
     0 | D:1      | Reached XP level 1. HP: 20/20 MP: 1/1
   152 | D:1      | Reached XP level 2. HP: 24/27 MP: 2/2
   319 | D:2      | Reached skill level 3 in Axes
   372 | D:2      | Reached XP level 3. HP: 16/33 MP: 3/3
   410 | D:3      | Reached XP level 4. HP: 42/42 MP: 4/4
   572 | D:4      | Noticed an ogre
   584 | D:4      | Killed an ogre
   584 | D:4      | Reached skill level 4 in Axes
   584 | D:4      | Reached XP level 5. HP: 37/49 MP: 5/5
   758 | D:4      | Noticed an ogre
   766 | D:4      | Killed an ogre
   803 | D:4      | Noticed an ogre
   812 | D:4      | Killed an ogre
   812 | D:4      | Reached XP level 6. HP: 28/57 MP: 4/4
  1001 | D:4      | Reached skill level 5 in Axes
  1070 | D:4      | Found a sparkling altar of Nemelex Xobeh.
  1203 | D:4      | Found a sacrificial altar of Ru.
  1324 | D:5      | Entered Level 5 of the Dungeon
  1333 | D:5      | Noticed an ice beast
  1351 | D:5      | Killed an ice beast
  1351 | D:5      | Reached XP level 7. HP: 46/64 MP: 4/4
  1360 | D:5      | Found a shadowy altar of Dithmenos.
  1360 | D:5      | Found a white marble altar of Elyvilon.
  1361 | D:5      | Found a hide-covered altar of Uskayaw.
  1424 | D:5      | Reached skill level 5 in Shields
  1489 | D:5      | Reached skill level 5 in Armour
  1523 | D:5      | Reached skill level 6 in Axes
  1666 | D:5      | You fall into a shaft and drop 1 floor!
  1724 | D:6      | Reached XP level 8. HP: 42/73 MP: 5/5
  1734 | D:6      | Reached skill level 7 in Axes
  2017 | D:5      | Found an ancient bone altar of Kikubaaqudgha.
  2242 | D:5      | Reached skill level 5 in Fighting
  2265 | D:5      | Found a broken altar of Ashenzari.
  2754 | D:7      | Noticed a hippogriff
  2772 | D:7      | Killed a hippogriff
  2772 | D:7      | Reached skill level 8 in Axes
  2799 | D:7      | Gained mutation: You passively map the area around you.
                  | [Deep Dwarf growth]
  2799 | D:7      | Reached XP level 9. HP: 49/81 MP: 5/5
  2839 | D:7      | Noticed a deep elf mage
  2867 | D:7      | Killed a deep elf mage
  2867 | D:7      | Reached skill level 9 in Axes
  2867 | D:7      | Killed themself with a badly aimed iceblast

Illustrated notes

Levels and vault maps discovered:
D:1:      eino_arrival_cavern_c, layout_basic
D:2:      layout_rooms
D:3:      layout_basic, grunt_ministairs_15, uniq_terence, uniq_natasha
D:4:      layout_loops_corners, nicolae_ru_the_path_less_chosen,
          nemelex_xobeh_ov_fountains_minmay
D:5:      layout_gridville, kennysheep_mini,
          chequers_temple_overflow_statue_of_worship, basic_altar
D:6:      layout_basic
D:7:      minmay_the_grid_octo_2x2 [minmay_the_grid_octo_tetromino_candy,
          minmay_the_grid_octo_shrine, minmay_the_grid_octo_checkered,
          minmay_the_grid_octo_prize_big_c], layout_basic, minmay_puff

Skill      XL: |  1  2  3  4  5  6  7  8  9 |
---------------+----------------------------+-----
Axes           | 3 4 5 6 8 9 |  9.1
Fighting       | 3 4 5 |  5.8
Armour         | 4 5 6 7 |  7.0
Shields        | 4 5 6 7 |  7.1

Action                   |  1- 3 |  4- 6 |  7- 9 || total
-------------------------+-------+-------+-------++-------
Melee: War axe           |    83 |    60 |   287 ||   430
 Abil: Heal Wounds       |     1 |     8 |    25 ||    34
Evoke: Wand              |       |       |     3 ||     3
Armor: Scale mail        |    48 |    11 |   141 ||   200
Dodge: Dodged            |    37 |    12 |   108 ||   157
Block: Kite shield       |    47 |    28 |   214 ||   289

Table legend: (Time is in decaauts)
 A = Elapsed time spent in this place.
 B = Non-inter-level travel time spent in this place.
 C = Inter-level travel time spent in this place.
 D = Time resting spent in this place.
 E = Time spent auto-exploring this place.
 F = Levels seen in this place.
 G = Mean time per level.
                   A        B        C        D        E       F      G
               +--------+--------+--------+--------+--------+-----+--------+
         Total |   2982 |   2878 |    104 |      0 |   1995 |   7 |  426.0 |
       Dungeon |   2982 |   2878 |    104 |      0 |   1995 |   7 |  426.0 |
               +--------+--------+--------+--------+--------+-----+--------+

Top non-repeatable levels by time:
     D:4: 810 daAuts
     D:5: 769 daAuts
     D:6: 720 daAuts
     D:1: 273 daAuts
     D:2: 154 daAuts
     D:3: 135 daAuts
     D:7: 119 daAuts
